 Dungeon Crawl Stone Soup version 0.30.1-9-gdf580d7c3d (webtiles) character file.

Game seed: 4326063030458417954

26002 elk the Peltast (level 12, -37/119 HPs)
             Began as a Minotaur Fighter on Oct 12, 2023.
             Was an Elder of Nemelex Xobeh.
             Killed from afar by Nikola (85 damage)
             ... with an arc of chain lightning
             ... on level 2 of the Shoals.
             The game lasted 01:05:21 (8375 turns).

elk the Peltast (Minotaur Fighter)                  Turns: 8375, Time: 01:05:21

Health: -37/119    AC: 16    Str: 25    XL:     12   Next: 94%
Magic:  11/11      EV: 10    Int:  5    God:    Nemelex Xobeh [****..]
Gold:   453        SH: 20    Dex: 11    Spells: 11/11 levels left

rFire   x . .        b - +8 demon blade "Leech" {evervamp, Harm Drain rN+}
rCold   + . .        K - +2 tower shield {rPois}
rNeg    + . .        x - +2 scale mail of Escheim {rCorr}
rPois   +            M - +1 hat
rElec   .            v - +0 cloak
rCorr   +            (no gloves)
SInv    .            (no boots)
Will    .....        n - amulet of faith Stlth
                     J - ring of ice
HPRegen 0.39/turn    g - +4 ring of protection
MPRegen 0.12/turn

%: harm (+30% outgoing, +20% incoming), faith
@: lit by a corona, mesmerised, glowing
A: horns 2, retaliatory headbutt
a: Renounce Religion, Draw Escape, Draw Destruction, Draw Summoning, Triple
Draw, Deal Four


You were on level 2 of the Shoals.
You worshipped Nemelex Xobeh.
Nemelex Xobeh was greatly pleased with you.
You visited 4 branches of the dungeon, and saw 14 of its levels.
You also visited: Ice Cave.

You collected 1839 gold pieces.
You spent 1386 gold pieces at shops.

Inventory:

Hand Weapons
 a - a +4 spear
 b - the +8 demon blade "Leech" (weapon) {evervamp, Harm Drain rN+}
   (You found it on level 7 of the Dungeon)

   rN:        It protects you from negative energy.
   Drain:     It drains your maximum health when unequipped.
   Harm:      It increases damage dealt and taken.
 d - a +2 shortbow of flaming
 q - a +1 rapier of protection
 t - a +0 sling
 u - a +2 quarterstaff of chaos
 A - a +2 battleaxe of electrocution
 B - a +3 shortbow
 R - a +0 hand crossbow of freezing
Missiles
 h - 56 stones
 U - 7 javelins (quivered)
Armour
 c - a +0 buckler
 v - a +0 cloak (worn)
 x - the +2 scale mail of Escheim (worn) {rCorr}
   (You found it on level 5 of the Dungeon)

   rCorr:     It protects you from acid and corrosion.
 K - a +2 tower shield of poison resistance (worn)
 M - a +1 hat (worn)
 N - a scarf of harm
 P - a +2 tower shield of cold resistance
Jewellery
 g - a +4 ring of protection (right hand)
 n - an amulet of faith (around neck)
 r - a ring of protection from cold
 z - an amulet of the acrobat
 D - a ring of protection from fire
 G - a +6 ring of strength
 H - a +6 ring of strength
 J - a ring of ice (left hand)
 O - a ring of protection from fire
Wands
 e - a wand of mindburst (7)
 y - a wand of charming (11)
 C - a wand of flame (15)
Scrolls
 f - 4 scrolls of teleportation
 p - 2 scrolls of fog
 w - a scroll of blinking
 E - 3 scrolls of immolation
 F - a scroll of amnesia
 I - 2 scrolls of identify
 L - 3 scrolls of silence
 Q - 2 scrolls of magic mapping {unknown}
 V - a scroll of enchant weapon {unknown}
Potions
 i - 2 potions of brilliance
 j - 3 potions of mutation
 k - 3 potions of attraction {unknown}
 l - a potion of cancellation
 m - a potion of berserk rage {unknown}
 o - a potion of haste {unknown}
 s - 6 potions of curing
 T - a potion of lignification {unknown}
Miscellaneous
 S - a lightning rod (4/4)


   Skills:
 - Level 15.0 Fighting
 - Level 2.6(7.3) Short Blades
 + Level 11.7(11.9) Long Blades
 - Level 5.4 Polearms
 - Level 2.0 Ranged Weapons
 + Level 9.3 Armour
 - Level 3.0 Dodging
 - Level 15.0 Shields


You had 11 spell levels left.
You didn't know any spells.
Your spell library contained the following spells:

 Spells                   Type           Power      Damage    Failure   Level
 Magic Dart               Conj           0%         1d3       95%         1
 Call Imp                 Summ           0%         N/A       98%         2
 Mephitic Cloud           Conj/Pois/Air  0%         N/A       100%        3
 Passage of Golubria      Tloc           0%         N/A       100%        4
 Silence                  Hex/Air        0%         N/A       100%        5
 Lehudib's Crystal Spear  Conj/Erth      0%         10d2      100%        8


Dungeon Overview and Level Annotations

Branches:
Dungeon (9/15)             Temple (1/1) D:5            Lair (2/5) D:9
 Shoals (2/4) Lair:2        IceCv (visited)
  Snake: Lair:2-3    Spider: Lair:2-3       Orc: D:9-12

Altars:
Cheibriados
Dithmenos
Elyvilon
Fedhas
Gozag
Kikubaaqudgha
Makhleb
Nemelex Xobeh
Okawaru
Ru
Sif Muna
Trog
Uskayaw
Vehumet
Wu Jian
Xom
Zin

Shops:
D:1 [   D:3 *   D:5 *   D:7 =

Annotations:
D:5 Blork the orc
D:7 3 runed translucent doors, 2 transporters, lonewolfV2's ghost, novice FoFi
Shoals:2 Nikola; Polyphemus


Innate Abilities, Weirdness & Mutations

You have a pair of horns on your head.
You reflexively headbutt those who attack you in melee.


Message History

The sling bullet hits you.
The merfolk avatar chants its luring song.
You hear a shout!
You hear an angry hiss.
You draw a card...
You have drawn Wild Magic.
The merfolk is hit by flying rocks.
You kill the merfolk!
You hear a splash.
Nikola looks faint for a moment!!
Nikola is poisoned.
The snapping turtle twitches.
The snapping turtle seems to slow down.
The merfolk is jolted!
Polyphemus twitches violently!!!
Polyphemus is drained!
The faun is briefly showered in sparks!!
You kill the faun!
The air around the merfolk avatar burns with energy!!
Fire whirls out the faun's hands!!
You kill the faun!
Waves of light ripple over the death yak's body.
The death yak twists and deforms.
Magic surges out from the merfolk siren.
The merfolk siren seems to slow down.
There is a strange surge of energy around the catoblepas.
The catoblepas twists and deforms.
You feel a surge of magic.
Polyphemus throws a large rock.
You block the large rock.
The merfolk siren chants its luring song.
The merfolk avatar chants its luring song.
You draw a card...
You have drawn Wild Magic.
The air around Nikola crackles with energy.
Heat is drained from the snapping turtle!
The merfolk bobs in the air for a moment!
Waves of light ripple over Polyphemus's body.
Polyphemus twists and deforms.
The merfolk avatar is blasted with sand.
The air around the merfolk siren crackles with energy.
The merfolk siren seems to slow down.
Fire whirls out the catoblepas's front feet.
You feel a surge of magic.
Nikola casts a spell.
Lightning arcs from Nikola's hands!
The bolt of lightning hits you!!!
Ouch! That really hurt!
You die...
Your body disappears without additional glow. .. ...
YC.c. ....~ ...
Ym#

#†.###..... ~... #Y#
#..........
≈≈≈.##m###)...#
≈≈.....#.)...## ~ ~
≈≈...§.C).....# .~~ ~~~
.##t§.....^.##..~~~
~~...##.§m~~...<....~~~
~~....@@..~~~~..~~~~~~~
~~~.....)~~~~.~~~~~~~≈≈
≈~.....~~~≈~~..~~~≈≈≈≈≈
≈~~.....~~≈≈~~~~≈≈≈≈≈≈≈
≈~~.......~~~≈≈≈≈≈≈≈≈≈≈
~~..$.......~≈≈≈≈≈≈≈≈≈≈
~~.........~~≈≈≈≈≈≈≈≈≈≈
~~~.......~~~≈≈


You could see Nikola (poisoned), Polyphemus (misshapen, drained), a merfolk
avatar (mesmerising), a death yak (misshapen), a catoblepas (misshapen), a
snapping turtle (slow), a merfolk and a merfolk siren (mesmerising, slow).

Vanquished Creatures
  A reaper (IceCv)
  3 death yaks
  A two-headed ogre (D:8)
  Urug (Lair:2)
  A sea snake (Shoals:1)
  A death drake (Shoals:1)
  2 harpies (Lair:2)
  A manticore (Shoals:1)
  A black mamba (Lair:2)
  4 fauns
  3 elephants
  Maurice (D:8)
  2 ice statues (IceCv)
  2 cane toads (Lair:1)
  5 komodo dragons
  A rime drake (Lair:1)
  8 ice devils
  3 anaconda simulacra (IceCv)
  A merfolk (Shoals:2)
  8 blink frogs (Lair:1)
  3 dream sheep (Shoals:1)
  A shadow (D:9)
  3 wyverns
  14 yaks (Lair:1)
  A basilisk (D:9)
  Edmund (D:5)
  A harpy simulacrum (IceCv)
  Duvessa (D:5)
  9 water moccasins
  A hydra simulacrum (IceCv)
  A sky beast (D:6)
  2 orc warriors
  A black bear (D:9)
  2 ice beasts (D:5)
  3 ogres
  4 centaurs
  2 phantoms (D:4)
  3 kobold brigands
  4 scorpions
  4 bullfrogs
  A two-headed ogre simulacrum (IceCv)
  2 cane toad simulacra (IceCv)
  6 wights
  Dowan (D:5)
  4 killer bees
  A howler monkey (D:9)
  4 hounds
  4 jellies
  Crazy Yiuf (D:4)
  2 orc priests
  A gnoll bouda (D:6)
  5 orc wizards
  A sleepcap (D:6)
  An iguana (D:5)
  A spriggan simulacrum (IceCv)
  4 adders
  7 gnolls
  A shadow imp (D:6)
  2 white imps
  3 ufetubi
  A worm (D:4)
  4 dart slugs
  37 orcs
  3 endoplasms
  3 giant cockroaches
  9 goblins
  9 hobgoblins
  5 jackals
  A quokka (D:3)
  A ball python (D:3)
  7 bats
  3 frilled lizards
  22 kobolds
  6 rats
274 creatures vanquished.

Vanquished Creatures (collateral kills)
  A merfolk avatar (Shoals:2)
  A skyshark (Lair:1)
  A sea snake (Shoals:2)
  A torpor snail (Lair:1)
  A dream sheep (Shoals:1)
5 creatures vanquished.

Vanquished Creatures (others)
  A death yak (Shoals:2)
  A faun (Shoals:2)
  A cane toad (Lair:1)
3 creatures vanquished.

Grand Total: 282 creatures vanquished

Notes
Turn   | Place    | Note
-------+----------+-------------------------------------------
     0 | D:1      | elk the Minotaur Fighter began the quest for the Orb.
     0 | D:1      | Reached XP level 1. HP: 19/19 MP: 0/0
   214 | D:1      | Found Fimot's Armour Shoppe.
   697 | D:2      | Found a faded altar of an unknown god.
   701 | D:2      | Reached XP level 2. HP: 26/27 MP: 1/1
  1069 | D:2      | Reached XP level 3. HP: 29/33 MP: 2/2
  1733 | D:3      | Found Huciucae's Assorted Antiques.
  2022 | D:4      | Noticed an ogre
  2022 | D:4      | Noticed a phantom
  2103 | D:4      | Reached XP level 4. HP: 37/41 MP: 3/3
  2130 | D:4      | Noticed a scorpion
  2137 | D:4      | Identified a scroll of acquirement
  2137 | D:4      | Acquired 1200 gold pieces
  2144 | D:4      | Killed a scorpion
  2145 | D:4      | Reached skill level 5 in Armour
  2145 | D:4      | Reached XP level 5. HP: 27/47 MP: 4/4
  2231 | D:4      | Noticed a phantom
  2243 | D:4      | Killed a phantom
  2244 | D:4      | Reached skill level 5 in Polearms
  2411 | D:4      | Killed a phantom
  2412 | D:4      | Reached skill level 5 in Fighting
  2412 | D:4      | Reached skill level 1 in Short Blades
  2412 | D:4      | Reached XP level 6. HP: 56/56 MP: 5/5
  2530 | D:4      | Reached skill level 1 in Ranged Weapons
  2688 | D:4      | Found a runed translucent door.
  2689 | D:4      | Noticed Crazy Yiuf
  2699 | D:4      | Killed Crazy Yiuf
  2897 | D:4      | Reached XP level 7. HP: 37/63 MP: 6/6
  2899 | D:5      | Entered Level 5 of the Dungeon
  2901 | D:5      | Noticed Duvessa
  2902 | D:5      | Noticed Dowan
  3231 | D:5      | Found a staircase to the Ecumenical Temple.
  3247 | D:5      | Identified the +2 scale mail of Escheim {rCorr}
  3262 | Temple   | Entered the Ecumenical Temple
  3510 | Temple   | Became a worshipper of Nemelex Xobeh the Trickster
  3567 | D:5      | Killed Duvessa
  3571 | D:5      | Killed Dowan
  3604 | D:5      | Noticed Blork the orc
  3611 | D:5      | Found a white marble altar of Elyvilon.
  3632 | D:5      | Reached XP level 8. HP: 70/74 MP: 7/7
  3690 | D:5      | Found Enonn's Assorted Antiques.
  3698 | D:5      | Bought a scroll of identify for 56 gold pieces
  3698 | D:5      | Bought a runed battleaxe for 266 gold pieces
  3698 | D:5      | Bought a scroll of identify for 56 gold pieces
  3717 | D:5      | Noticed Edmund
  3727 | D:5      | Killed Edmund
  4010 | D:5      | Reached skill level 10 in Fighting
  4179 | D:6      | Reached XP level 9. HP: 57/86 MP: 8/8
  4389 | D:6      | Reached * piety under Nemelex Xobeh
  4590 | D:7      | Found a shimmering blue altar of Sif Muna.
  4625 | D:7      | Found a runed translucent gate.
  4626 | D:7      | Found a runed translucent gate.
  4627 | D:7      | Found a runed translucent gate.
  4628 | D:7      | Received a gift from Nemelex Xobeh
  4629 | D:7      | Noticed lonewolfV2's ghost (novice FoFi)
  4658 | D:7      | Found a transporter.
  4679 | D:7      | Found a transporter.
  4748 | D:7      | Found Veobuxecio's Jewellery Emporium.
  4755 | D:7      | Bought a +6 ring of strength for 504 gold pieces
  4755 | D:7      | Bought a +6 ring of strength for 504 gold pieces
  4830 | D:7      | Found the +8 demon blade "Leech" {evervamp, Harm Drain rN+}
  4932 | D:8      | Reached skill level 1 in Dodging
  5341 | D:8      | Found an ancient bone altar of Kikubaaqudgha.
  5403 | D:8      | Noticed Maurice
  5421 | D:8      | Killed Maurice
  5449 | D:8      | Noticed a two-headed ogre
  5471 | D:8      | Killed a two-headed ogre
  5472 | D:8      | Reached XP level 10. HP: 77/96 MP: 9/9
  5832 | D:9      | Reached ** piety under Nemelex Xobeh
  6098 | D:9      | Received a gift from Nemelex Xobeh
  6187 | D:9      | Found an ornate altar of the Wu Jian Council.
  6233 | D:9      | Found a staircase to the Lair.
  6233 | D:9      | Noticed an elephant
  6246 | D:9      | Killed an elephant
  6247 | D:9      | Reached skill level 5 in Shields
  6265 | Lair:1   | Entered Level 1 of the Lair of Beasts
  6334 | Lair:1   | Noticed a cane toad
  6344 | Lair:1   | Noticed a skyshark
  6351 | Lair:1   | Noticed a torpor snail
  6353 | Lair:1   | Killed a skyshark
  6357 | Lair:1   | Noticed a death yak
  6360 | Lair:1   | Killed a torpor snail
  6360 | Lair:1   | Noticed a death yak
  6361 | Lair:1   | Reached XP level 11. HP: 93/106 MP: 10/10
  6374 | Lair:1   | Killed a death yak
  6394 | Lair:1   | Killed a death yak
  6423 | Lair:1   | Received a gift from Nemelex Xobeh
  6478 | Lair:1   | Reached skill level 10 in Long Blades
  6493 | Lair:1   | Reached skill level 10 in Shields
  6580 | Lair:1   | Reached *** piety under Nemelex Xobeh
  6792 | Lair:1   | Found a frozen archway.
  6814 | IceCv    | Entered an ice cave
  6814 | IceCv    | Received a gift from Nemelex Xobeh
  7359 | IceCv    | Reached XP level 12. HP: 85/116 MP: 11/11
  7459 | IceCv    | Noticed a reaper
  7471 | IceCv    | Killed a reaper
  8047 | Lair:2   | Noticed a catoblepas
  8142 | Lair:2   | Noticed Urug
  8153 | Lair:2   | Killed Urug
  8174 | Lair:2   | Reached skill level 15 in Shields
  8217 | Lair:2   | Received a gift from Nemelex Xobeh
  8268 | Lair:2   | Found a staircase to the Shoals.
  8298 | Shoals:1 | Entered Level 1 of the Shoals
  8315 | Shoals:1 | Reached skill level 15 in Fighting
  8341 | Shoals:1 | Reached **** piety under Nemelex Xobeh
  8353 | Shoals:2 | Noticed a death yak
  8353 | Shoals:2 | Noticed a death yak
  8353 | Shoals:2 | Noticed Polyphemus
  8354 | Shoals:2 | Noticed a catoblepas
  8355 | Shoals:2 | Noticed Nikola
  8356 | Shoals:2 | Noticed a merfolk avatar
  8362 | Shoals:2 | Noticed a death yak
  8363 | Shoals:2 | Noticed a merfolk avatar
  8363 | Shoals:2 | Received a gift from Nemelex Xobeh
  8365 | Shoals:2 | Killed a merfolk avatar
  8368 | Shoals:2 | Killed a death yak
  8373 | Shoals:2 | Killed a death yak
  8375 | Shoals:2 | Killed from afar by Nikola

Illustrated notes

Levels and vault maps discovered:
D:1:      tarquinn_simple_flora_water_a, layout_loops_ring, serial_shops, shop,
          serial_park_tiny_1
D:2:      layout_loops_ring, hellmonk_ecumenical_altar_dog_temple
D:3:      layout_basic, serial_shops, nicolae_shop_getting_attention
D:4:      layout_basic, hangedman_abyss_or_decor_jellyfish_corner,
          minmay_goblin_outpost, uniq_crazy_yiuf_cottage
D:5:      minmay_diamond_boxcup, layout_loops_ring, kennysheep_ying_yang,
          minmay_temple_entry_slanted, serial_shops, shop, minmay_between,
          uniq_blork_the_orc, uniq_duvessa, uniq_edmund
D:6:      layout_basic, kennysheep_generic_room_5
D:7:      gammafunk_steamed_eel, layout_basic, evilmike_ruin_ashenzari,
          nicolae_sif_muna_condensation, gammafunk_temple_overflow_statue,
          ebering_ghost_rock_garden, minmay_shop_enchanted_jewellery,
          minmay_stone_trees_small, serial_bayou_lagoon_a, serial_park_tiny_1
D:8:      layout_rooms, kiku_gazebo_pond_becter, lightli_orcish_oven,
          uniq_maurice
D:9:      layout_loops_ring, mainiacjoe_overflow_six_doors_small,
          david_lair_generic, st_stairs_11, minivault_25
Temple:   nicolae_temple_figure_eight
Lair:1:   layout_chaotic_city, portal_ice_cave_demonic_guard
Lair:2:   cheibrodos_lair_river_kwai, layout_chaotic_city,
          nicolae_shoals_entry_roost, nicolae_lair_grazing_beasts
          [nicolae_sub_lair_graze_edge, nicolae_sub_lair_graze_edge,
          nicolae_sub_lair_graze_edge, nicolae_sub_lair_graze_edge], uniq_urug
Shoals:1: layout_shoals, nicolae_shoals_undead_eyrie, uniq_jorgrun, uniq_kirke
Shoals:2: layout_shoals, nicolae_shop_vocational, uniq_polyphemus, uniq_nikola

Skill      XL: |  1  2  3  4  5  6  7  8  9 10 11 12 |
---------------+-------------------------------------+-----
Armour         | 4 5 6 8 9 |  9.3
Fighting       | 4 5 6 8 10 11 12 13 15 | 15.0
Polearms       | 3 4 5 |  5.4
Short Blades   | 1 2 |  2.6
Ranged Weapons | 2 |  2.0
Long Blades    | 8 9 10 11 | 11.7
Dodging        | 2 3 |  3.0
Shields        | 8 13 15 | 15.0

Action                     |  1- 3 |  4- 6 |  7- 9 | 10-12 || total
---------------------------+-------+-------+-------+-------++-------
  Melee: Trident           |    96 |     5 |       |       ||   101
         Headbutt          |     5 |    15 |    35 |   101 ||   156
         Rapier            |       |    74 |       |       ||    74
         Quarterstaff      |       |     2 |    36 |       ||    38
         Battleaxe         |       |       |    83 |       ||    83
         Demon blade       |       |       |    44 |   395 ||   439
         Spear             |       |       |    42 |       ||    42
   Fire: Sling             |       |    26 |       |       ||    26
  Throw: Stone             |       |     1 |       |     3 ||     4
         Boomerang         |       |       |     1 |     1 ||     2
         Javelin           |       |       |       |     1 ||     1
 Invoke: Draw Destruction  |       |       |       |     6 ||     6
         Draw Summoning    |       |       |       |     4 ||     4
  Evoke: Wand              |       |       |     2 |     7 ||     9
    Use: Scroll            |     2 |     3 |    10 |     4 ||    19
         Potion            |       |     2 |     2 |     3 ||     7
   Stab: Distracted        |       |       |       |     1 ||     1
 Armour: Scale mail        |    33 |    32 |   146 |   106 ||   317
  Dodge: Dodged            |    26 |    40 |   111 |   128 ||   305
  Block: Buckler           |    13 |    17 |    21 |    42 ||    93
         Tower shield      |       |       |       |   122 ||   122
